[Event "Goteborg Open 2024"]
[Site "Goteborgs Schackcentrum, Vegatan 20, Gothenburg, Sweden"]
[Date "2024.08.02"]
[Round "3.19"]
[White "Hitcher, Oscar"]
[Black "Mohammed, Safian Haj"]
[Result "0-1"]
[TimeControl "15 minutes + 5 seconds per move from move one (Round 1 - 4) / 90 minutes + 30 seconds per move from move one (Round 5 - 8)"]
[WhiteFideId "1746901"]
[BlackFideId "1729276"]
[WhiteElo "1679"]
[BlackElo "1890"]

1. Nf3 d5 2. a3 c5 3. e3 Nc6 4. Bb5 Bg4 5. b4 e6 6. d4 cxb4 7. axb4 Bxb4+ 8. Bd2 Qe7 9. c3 Bd6 10.
h3 Bh5 11. Bxc6+ bxc6 12. Bc1 Nf6 13. Qa4 Qc7 14. Ne5 Bxe5 15. dxe5 Nd7 16. f4 Nc5 17. Qa3 Nd3+ 18. Kd2 Nf2 19.
Rf1 Ne4+ 20. Kc2 Bg6 21. Kd1 Qb6 22. Qb2 Qc7 23. Nd2 Nc5 24. Ke2 Bd3+ 25. Kf2 Bxf1 26. Kxf1 Nd3 27. Qa3 c5 28.
Kg1 O-O 29. Nf3 Rfb8 30. Qa6 Nxc1 31. Rxc1 Rb2 32. Ne1 d4 33. exd4 cxd4 34. c4 Rab8 35. Nd3 Rb1 36. Rxb1 Rxb1+ 37. Kh2 h6 38. c5 Qb7 39. Qc4 Qd5 40. Qc2 Qb3 41. Qe2 Rd1 42. c6 Qxd3 43. Qb2 Qc4 44. Qb8+ Kh7 45. c7 Rc1 46.
Qxa7 Qxc7 47. Qxd4 g6 48. h4 Qc5 49. Qd7 Qc7 50. Qd2 Rc4 51. Qe3 Qc5 52. Qd3 Qd4 53. Qa3 Qxf4+ 54. g3 Rc2+ 55. Kh3 Qf5+ 56. g4 Qf1+ 57.
Kg3 Qf2+ 58. Kh3 Qg2# 59. Qc1 0-1

[Event "Goteborg Open 2024"]
[Site "Goteborgs Schackcentrum, Vegatan 20, Gothenburg, Sweden"]
[Date "2024.08.02"]
[Round "3.20"]
[White "Ulmer, Maya Vissing"]
[Black "Johansson, Eva"]
[Result "0-1"]
[TimeControl "15 minutes + 5 seconds per move from move one (Round 1 - 4) / 90 minutes + 30 seconds per move from move one (Round 5 - 8)"]
[WhiteFideId "1479997"]
[BlackFideId "1724584"]
[WhiteElo "1676"]
[BlackElo "1878"]

1. d4 d6 2. c4 e5 3. dxe5 dxe5 4. Qxd8+ Kxd8 5. e4 Be6 6. Nf3 Nd7 7. Be3 c6 8. Be2 f6 9. O-O g5 10.
Nc3 Nh6 11. Rfd1 Kc7 12. a3 Nf7 13. b4 Nd6 14. Nd2 Be7 15. c5 Nf7 16. Bc4 Nf8 17. Bxe6 Nxe6 18. Nc4 h5 19. Ne2 g4 20. Ng3 Nfg5 21. Nf5 Bf8 22. f3 gxf3 23. h4 Nxe4 24. gxf3 Nc3 25.
Rd3 Nd5 26. Kf2 Rg8 27. Rg1 Rxg1 28. Kxg1 Nef4 29. Bxf4 Nxf4 30. Rd2 Re8 31. Ng3 Be7 32. Nxh5 Nxh5 0-1

[Event "Goteborg Open 2024"]
[Site "Goteborgs Schackcentrum, Vegatan 20, Gothenburg, Sweden"]
[Date "2024.08.02"]
[Round "3.21"]
[White "Lifmark, Kaspar"]
[Black "Olsson, Jonas"]
[Result "0-1"]
[TimeControl "15 minutes + 5 seconds per move from move one (Round 1 - 4) / 90 minutes + 30 seconds per move from move one (Round 5 - 8)"]
[WhiteFideId "1742396"]
[BlackFideId "1734415"]
[WhiteElo "1672"]
[BlackElo "1741"]

1. e4 e5 2. Bc4 f5 3. exf5 Nf6 4. d4 exd4 5. Qxd4 Nc6 6. Qe3+ Be7 7.
Nf3 d5 8. Bd3 O-O 9. O-O Re8 10. Ng5 Ng4 11. Qh3 Bxg5 12. Qxg4 Bxc1 13. Rxc1 0-1

[Event "Goteborg Open 2024"]
[Site "Goteborgs Schackcentrum, Vegatan 20, Gothenburg, Sweden"]
[Date "2024.08.02"]
[Round "4.1"]
[White "Rasti, Arvin"]
[Black "Eldh, Hjalmar"]
[Result "1-0"]
[TimeControl "15 minutes + 5 seconds per move from move one (Round 1 - 4) / 90 minutes + 30 seconds per move from move one (Round 5 - 8)"]
[WhiteTitle "FM"]
[WhiteFideId "1741160"]
[BlackFideId "1767968"]
[WhiteElo "2195"]
[BlackElo "1897"]

1. Nf3 Nf6 2. g3 g6 3. Bg2 Bg7 4. O-O O-O 5. d4 c6 6. c4 d5 7. b3 dxc4 8. bxc4 c5 9. Bb2 Nc6 10. d5 Qb6 11. Bc3 Rd8 12.
Nbd2 Nb8 13. e4 Nbd7 14. e5 Ng4 15. Re1 Qc7 16. Qe2 b5 17. h3 Nh6 18. d6 exd6 19. exd6 Qxd6 20. Bxg7 Kxg7 21.
Ne4 Qf8 22. Qb2+ f6 23. Rad1 Rb8 24. cxb5 Bb7 25. Nfg5 Qg8 26. Rxd7+ Nf7 27. Qxf6+ Kh6 28. Nxf7+ Qxf7 29. Rxf7 Bxe4 30.
Qh4# 1-0

[Event "Goteborg Open 2024"]
[Site "Goteborgs Schackcentrum, Vegatan 20, Gothenburg, Sweden"]
[Date "2024.08.02"]
[Round "4.2"]
[White "Degerfeldt, Sven"]
[Black "Borin, Jesper"]
[Result "1-0"]
[TimeControl "15 minutes + 5 seconds per move from move one (Round 1 - 4) / 90 minutes + 30 seconds per move from move one (Round 5 - 8)"]
[WhiteFideId "1717430"]
[BlackFideId "1771337"]
[WhiteElo "1902"]
[BlackElo "1905"]

1. d4 Nf6 2. Nf3 e6 3. e3 c5 4. Bd3 d5 5. c3 Bd6 6. Nbd2 O-O 7. Qe2 Nc6 8. O-O Qc7 9. dxc5 Bxc5 10.
e4 Ne5 11. Nxe5 Qxe5 12. Nf3 Qh5 13. e5 Ne4 14. Bxe4 dxe4 15. Qxe4 Rb8 16. Qf4 h6 17. b4 Be7 18. Be3 b6 19.
Qg3 Bb7 20. Nd4 Rbc8 21. Rac1 Bd5 22. a4 Rc4 23. f4 Rfc8 24. Bd2 a5 25. f5 exf5 26. Nxf5 Bf8 27. Nxh6+ Kh7 28. Qd3+ Be4 29.
Qd7 gxh6 30. Rxf7+ Kg8 31. Rcf1 Qg6 32. R1f2 axb4 33. e6 bxc3 34. Rxf8+ Rxf8 35. Rxf8+ Kxf8 36. e7+ Kg7 37. e8=Q+ 1-0

[Event "Goteborg Open 2024"]
[Site "Goteborgs Schackcentrum, Vegatan 20, Gothenburg, Sweden"]
[Date "2024.08.02"]
[Round "4.3"]
[White "Eriksson, Kristian"]
[Black "Andersson, Stig"]
[Result "1/2-1/2"]
[TimeControl "15 minutes + 5 seconds per move from move one (Round 1 - 4) / 90 minutes + 30 seconds per move from move one (Round 5 - 8)"]
[WhiteFideId "1705172"]
[BlackFideId "1731971"]
[WhiteElo "2064"]
[BlackElo "1889"]

1. e4 e5 2. Nf3 Nc6 3. Bb5 a6 4. Ba4 Nf6 5. d4 b5 6. Bb3 Nxd4 7. Nxd4 exd4 8. e5 Qe7 9. O-O Ng8 10.
Qf3 Rb8 11. c3 Bb7 12. Qg3 d3 13. Bg5 Qc5 14. Nd2 h6 15. Be3 Qc6 16. f3 Ne7 17. Rfe1 Nf5 18. Bxf7+ Kd8 19. Qf4 Nxe3 20.
Rxe3 Bc5 21. Kh1 Bxe3 22. Qxe3 Rf8 23. Bh5 Qd5 24. Bg4 Bc8 25. Nb3 Rb6 26. Rd1 Qf7 27. Rxd3 Qf4 28. Qe2 h5 29.
e6 hxg4 30. e7+ Ke8 31. exf8=Q+ Kxf8 32.
fxg4 Rf6 33. Rf3 1/2-1/2

[Event "Goteborg Open 2024"]
[Site "Goteborgs Schackcentrum, Vegatan 20, Gothenburg, Sweden"]
[Date "2024.08.02"]
[Round "4.4"]
[White "Green, David"]
[Black "Ask, Josef"]
[Result "0-1"]
[TimeControl "15 minutes + 5 seconds per move from move one (Round 1 - 4) / 90 minutes + 30 seconds per move from move one (Round 5 - 8)"]
[BlackTitle "FM"]
[WhiteFideId "1769332"]
[BlackFideId "1704583"]
[WhiteElo "1946"]
[BlackElo "2129"]

1. e4 c5 2. Nf3 Nc6 3.
d4 cxd4 4. Nxd4 Nf6 5. Nc3 e5 6. Ndb5 d6 7. Bg5 a6 8. Na3 b5 9. Nd5 Be7 10. Bxf6 Bxf6 11. c3 Bb7 12. Nc2 Bg5 13.
g3 O-O 14. Bg2 a5 15. O-O Bh6 16. Nce3 g6 17. Qf3 Bg7 18. Rfd1 Ra6 19. Bf1 Na7 20. h4 Rc6 21. h5 Qg5 22.
Ng4 f5 23. Nge3 Bc8 24. hxg6 hxg6 25. exf5 gxf5 26. Bg2 f4 27. gxf4 exf4 28. Nc2 Bg4 29. Ne7+ Kh8 30. Qe4 Rc4 31. Ng6+ Kg8 32. Qd5+ Qxd5 33. Bxd5+ Rf7 34. Bxc4 bxc4 35. Rxd6 Bf5 36. Nd4 Bxd4 37.
cxd4 Rg7 38. Re1 Bxg6 39. Ra6 c3 40. Rb6 c2 41.
Rb8+ Kh7 42. Rc1 Nc6 43. Rb6 Nxd4 44. Kf1 Bd3+ 45. Ke1 Nf3# 0-1

[Event "Goteborg Open 2024"]
[Site "Goteborgs Schackcentrum, Vegatan 20, Gothenburg, Sweden"]
[Date "2024.08.02"]
[Round "4.5"]
[White "Al Waeli, Laith"]
[Black "Harila, Per"]
[Result "1-0"]
[TimeControl "15 minutes + 5 seconds per move from move one (Round 1 - 4) / 90 minutes + 30 seconds per move from move one (Round 5 - 8)"]
[WhiteTitle "FM"]
[WhiteFideId "4801059"]
[BlackFideId "1707248"]
[WhiteElo "2077"]
[BlackElo "1947"]

1. e4 c5 2. c3 d5 3. exd5 Qxd5 4. d4 g6 5. Nf3 Nh6 6. Nbd2 Bg7 7. Bc4 Qh5 8. dxc5 Qxc5 9. O-O O-O 10.
Bb3 Nc6 11. Ne4 Qa5 12. h3 Rd8 13. Qe2 b6 14. Bxh6 Bxh6 15. Qc4 Bb7 16. Qxf7+ Kh8 17. Rfd1 Rf8 18. Qe6 Qh5 19. Rd5 Rf5 20.
Ng3 Rf6 21. Qxf6+ exf6 22. Nxh5 gxh5 23. Rd7 Na5 24. Bc2 Bxf3 25. gxf3 Kg8 26. Kh1 Re8 27. Rg1+ Kf8 28. Bxh7 Re7 29.
Rd8+ Kf7 30. Bg8# 1-0

[Event "Goteborg Open 2024"]
[Site "Goteborgs Schackcentrum, Vegatan 20, Gothenburg, Sweden"]
[Date "2024.08.02"]
[Round "4.6"]
[White "Kring, Stephan"]
[Black "Utriainen, Tapani"]
[Result "1/2-1/2"]
[TimeControl "15 minutes + 5 seconds per move from move one (Round 1 - 4) / 90 minutes + 30 seconds per move from move one (Round 5 - 8)"]
[WhiteFideId "1711687"]
[BlackFideId "16300696"]
[WhiteElo "2057"]
[BlackElo "1914"]

1. d4 d5 2. c4 c6 3. Nf3 Nf6 4. Nc3 dxc4 5. a4 Bf5 6. Ne5 Nbd7 7. Nxc4 Qc7 8. e3 e5 9. Bd3 Bxd3 10. Qxd3 Rd8 11. O-O Be7 12. Qf5 g6 13. Qf3 O-O 14. b3 Rfe8 15. Bb2 exd4 16. exd4 Nb6 17.
Ne5 Nbd5 18. Ne4 Rf8 19. a5 Nxe4 20. Qxe4 Bf6 21. a6 Rfe8 22. Qf3 Bg7 23. Rfc1 f6 24. Nc4 b6 25. Ne3 Qd7 26.
Nxd5 cxd5 27. h4 Re4 28. h5 Qd6 29. Ba3 Qe6 30. hxg6 hxg6 31. Qg3 Kf7 32. Rc7+ Rd7 33. Rac1 Rg4 34. Qf3 Re4 35. Rxd7+ Qxd7 36. Qg3 Qg4 37. Qc7+ Kg8 38.
f3 Qg5 39. fxe4 Qe3+ 40. Kh2 Qh6+ 41.
Kg3 Qe3+ 42. Kh2 Qh6+ 43. Kg1 Qe3+ 44. Kf1 Qd3+ 45. Ke1 Qe3+ 46. Kf1 Qd3+ 47.
Kf2 Qd2+ 48. Kf3 Qd3+ 49. Kg4 Qxe4+ 50. Kh3 Qe3+ 51. g3 Qh6+ 1/2-1/2

[Event "Goteborg Open 2024"]
[Site "Goteborgs Schackcentrum, Vegatan 20, Gothenburg, Sweden"]
[Date "2024.08.02"]
[Round "4.7"]
[White "Lennerstad, Allan"]
[Black "Kallen, Jonas"]
[Result "0-1"]
[TimeControl "15 minutes + 5 seconds per move from move one (Round 1 - 4) / 90 minutes + 30 seconds per move from move one (Round 5 - 8)"]
[WhiteFideId "1723774"]
[BlackFideId "1712896"]
[WhiteElo "1950"]
[BlackElo "2017"]

1. Nf3 Nf6 2. d4 g6 3. c4 Bg7 4.
Nc3 d5 5. cxd5 Nxd5 6. Bd2 c5 7. e4 Nxc3 8. Bxc3 O-O 9. d5 Bg4 10. Bxg7 Kxg7 11. Be2 Bxf3 12. Bxf3 Qa5+ 13. Qd2 Qxd2+ 14. Kxd2 Nd7 15. Rac1 b6 16. Rhe1 e5 17. dxe6 fxe6 18. e5 Rad8 19. Kc2 Kf7 20. Bc6 Ke7 21. Re2 Rf4 22. Rd1 Nf8 23.
Rxd8 Kxd8 24. g3 Rd4 25. Re3 Kc7 26. Bg2 Kd7 27. Ra3 a5 28. Rf3 Ke7 29. a3 Nd7 30. Re3 g5 31. Bc6 h6 32.
Bxd7 Rxd7 33. Rd3 Rxd3 34. Kxd3 Kd7 35. a4 Kc6 36. Kc4 g4 37. Kd3 Kd5 38. f4 gxf3 39. g4 Kxe5 40. Ke3 f2 41. Kxf2 Kf4 42. h3 c4 0-1

[Event "Goteborg Open 2024"]
[Site "Goteborgs Schackcentrum, Vegatan 20, Gothenburg, Sweden"]
[Date "2024.08.02"]
[Round "4.8"]
[White "Wickstrom, Carina"]
[Black "Westlund, Tim"]
[Result "1-0"]
[TimeControl "15 minutes + 5 seconds per move from move one (Round 1 - 4) / 90 minutes + 30 seconds per move from move one (Round 5 - 8)"]
[WhiteFideId "1743201"]
[BlackFideId "1754718"]
[WhiteElo "2013"]
[BlackElo "1886"]

1. Nf3 Nf6 2. g3 d5 3. Bg2 Bf5 4. d4 e6 5. O-O h6 6. c4 c6 7. Nc3 Be7 8. Ne5 Nbd7 9. cxd5 exd5 10. Bf4 O-O 11. Rc1 Bh7 12.
b4 a6 13. Qb3 Qb6 14. Qd1 Bxb4 15. e4 Qa5 16. Nxd7 Nxd7 17. Bd2 dxe4 18. Nxe4 Bxd2 19. Nxd2 Rad8 20. Nc4 Qc7 21. Qb3 b5 22.
Ne3 Qd6 23. Bxc6 Qxd4 24. Rfd1 Qa7 25. Nd5 Ne5 26. Nf4 Nxc6 27. Rxc6 Rxd1+ 28. Qxd1 Be4 29. Rd6 Ba8 30. Rd7 Qb6 31. Nd5 Qe6 32. Ne7+ Kh8 33. Rd8 Rxd8 34.
Qxd8+ 1-0

[Event "Goteborg Open 2024"]
[Site "Goteborgs Schackcentrum, Vegatan 20, Gothenburg, Sweden"]
[Date "2024.08.02"]
[Round "4.9"]
[White "Hammar, Arvid"]
[Black "Wesslen, Ulf"]
[Result "0-1"]
[TimeControl "15 minutes + 5 seconds per move from move one (Round 1 - 4) / 90 minutes + 30 seconds per move from move one (Round 5 - 8)"]
[WhiteFideId "1735977"]
[BlackFideId "1705199"]
[WhiteElo "1653"]
[BlackElo "1953"]

1. e4 e6 2. d4 d5 3. c4 c6 4. Nc3 dxe4 5. Nxe4 Nf6 6. Bg5 Bb4+ 7. Nc3 Nbd7 8. Nf3 Qa5 9. Qc2 O-O 10.
a3 Ne4 11. Bd3 Bxc3+ 12. bxc3 Nxg5 13. Nxg5 Qxg5 14. Bxh7+ Kh8 15. h4 Qf4 16. g3 Qg4 17. h5 f5 18. Rh4 Qg5 19. Bg6 Kg8 20.
c5 Rf6 21. Qb3 Nf8 22. c4 Nxg6 23. hxg6 Rxg6 24. d5 f4 25. Rxf4 Qe5+ 26. Kf1 Qxa1+ 27. Kg2 Qe5 28. d6 Qxc5 29.
d7 Bxd7 30. Qxb7 Rd8 31. Qc7 Qb6 32. Qe5 Rf8 33. Rxf8+ Kxf8 34. Qd6+ Ke8 35. c5 Qb3 36. Qd4 Rf6 37. Qg4 Qd5+ 38. Kg1 Kf7 39. Qe2 Qxc5 40. Kg2 e5 41.
a4 Be6 42. f3 Bd5 43. Qa6 Bxf3+ 44. Kh2 Qf2+ 45. Kh3 Rh6# 0-1

[Event "Goteborg Open 2024"]
[Site "Goteborgs Schackcentrum, Vegatan 20, Gothenburg, Sweden"]
[Date "2024.08.02"]
[Round "4.10"]
[White "Karlsson, Stefan"]
[Black "Bergdahl, Martin"]
[Result "0-1"]
[TimeControl "15 minutes + 5 seconds per move from move one (Round 1 - 4) / 90 minutes + 30 seconds per move from move one (Round 5 - 8)"]
[WhiteFideId "1771183"]
[BlackFideId "1782231"]
[WhiteElo "2042"]
[BlackElo "1711"]

1. e4 e5 2. Nf3 Nc6 3. Bb5 Bc5 4. c3 a6 5. Bxc6 dxc6 6. Nxe5 Nf6 7. d4 Bd6 8. Nxf7 Kxf7 9. e5 Bxe5 10. dxe5 Qxd1+ 11. Kxd1 Ng4 12.
Kc2 Bf5+ 13. Kb3 Be6+ 14. Ka3 Nxe5 15. b3 b5 16. Be3 Nd3 17. Rd1 Rhd8 18. Bd4 b4+ 19. cxb4 Rxd4 20. Nc3 Nxb4 21.
Rxd4 Nc2+ 22. Kb2 Nxd4 23. Ne4 Rb8 24. Rd1 Rd8 25. Ng5+ Kg6 26. Nf3 c5 27. Ne5+ Kf6 28. Nd3 Nc6 29.
Kc3 Nb4 30. Nxc5 Nxa2+ 31. Kb2 Rxd1 32. Kxa2 Rd5 33. Ne4+ Ke5 34. f3 Ra5+ 35. Kb2 Rb5 36. Nd2 a5 37. Kc3 Rc5+ 38. Kb2 Bf5 39. Ka3 Rc2 40. Nc4+ Rxc4 41.
bxc4 Kd4 42. Ka4 Kxc4 43. Kxa5 c5 0-1

[Event "Goteborg Open 2024"]
[Site "Goteborgs Schackcentrum, Vegatan 20, Gothenburg, Sweden"]
[Date "2024.08.02"]
[Round "4.11"]
[White "Madevan Vaishnavi, Yaashvan"]
[Black "Helin, Mikael"]
[Result "1-0"]
[TimeControl "15 minutes + 5 seconds per move from move one (Round 1 - 4) / 90 minutes + 30 seconds per move from move one (Round 5 - 8)"]
[BlackTitle "CM"]
[WhiteFideId "1772180"]
[BlackFideId "1703838"]
[WhiteElo "1684"]
[BlackElo "1937"]

1. e4 d6 2. d4 g6 3. Be3 Bg7 4.
Nc3 Nc6 5. Qd2 h6 6. Nf3 e5 7. dxe5 dxe5 8.
Qxd8+ Nxd8 9. Nb5 Ne6 10. Bc4 a6 11. Bxe6 axb5 12. Bxc8 Rxc8 13. O-O-O Ne7 14. g4 f5 15. gxf5 gxf5 16.
exf5 Nxf5 17. Rhe1 O-O 18. Bc5 Rfe8 19. Rd7 b6 20. Be3 Rf8 21. Rg1 Rf7 22. Rxf7 Kxf7 23. Rd1 Ke6 24. c3 c5 25.
Rg1 Rc7 26. Kc2 Rf7 27. Nd2 b4 28. cxb4 Nd4+ 29. Bxd4 cxd4 30. Rg2 Kd5 31. f3 Rc7+ 32. Kd3 b5 33. Rg6 Bf8 34. a3 Rc1 35.
Rb6 Rh1 36. Rxb5+ Ke6 37. a4 h5 38. a5 Rxh2 39. a6 Kf5 40. a7 Bh6 41. a8=Q Rxd2+ 42. Kc4 Rc2+ 43. Kb3 d3 44. Qe4+ 1-0

[Event "Goteborg Open 2024"]
[Site "Goteborgs Schackcentrum, Vegatan 20, Gothenburg, Sweden"]
[Date "2024.08.02"]
[Round "4.12"]
[White "Johansson, Stefan"]
[Black "Ottgard, Andreas"]
[Result "0-1"]
[TimeControl "15 minutes + 5 seconds per move from move one (Round 1 - 4) / 90 minutes + 30 seconds per move from move one (Round 5 - 8)"]
[WhiteFideId "1732242"]
[BlackFideId "1730592"]
[WhiteElo "1933"]
[BlackElo "1900"]

1. e4 d6 2. d4 Nf6 3. Nc3 g6 4. f4 Bg7 5. Nf3 c5 6. dxc5 Qa5 7. Bd3 Qxc5 8. Qe2 O-O 9. Be3 Qa5 10.
O-O Nc6 11. h3 a6 12. Qf2 Nd7 13. Qh4 Bxc3 14. bxc3 Qxc3 15. f5 Nf6 16. Rad1 b5 17. Bh6 Rd8 18. Ng5 Ne5 19. fxg6 Nxg6 20.
Qf2 Qc5 21. Nf3 Qxf2+ 22. Rxf2 Bb7 23. Re2 Rac8 24. Bg5 Nd7 25. h4 h5 26. Nd4 Nde5 27. g3 Rd7 28. Nf5 Nf3+ 29. Kf2 Nxg5 30.
hxg5 e6 31. Nd4 Kg7 32. Rh1 Rh8 33. Ke3 Ne5 34. Kf4 Ng4 35. Kf3 Kg6 36. Rd2 Kxg5 37. Re1 Rdd8 38. Bf1 Ne5+ 39. Kf2 Kg6 40.
Bh3 Ng4+ 41. Bxg4 hxg4 42. Ke3 Rc8 43. Kd3 Rh3 44. Rg1 Rch8 45. Ne2 Rh2 46. Nf4+ Kf6 47. Rxh2 Rxh2 48. Rf1 Ke7 49.
Ne2 Bxe4+ 50. Kxe4 Rxe2+ 51. Kd3 Rg2 0-1

[Event "Goteborg Open 2024"]
[Site "Goteborgs Schackcentrum, Vegatan 20, Gothenburg, Sweden"]
[Date "2024.08.02"]
[Round "4.13"]
[White "Bergdahl, Daniel"]
[Black "Fransson, Lennart"]
[Result "1/2-1/2"]
[TimeControl "15 minutes + 5 seconds per move from move one (Round 1 - 4) / 90 minutes + 30 seconds per move from move one (Round 5 - 8)"]
[WhiteFideId "1780921"]
[BlackFideId "1706756"]
[WhiteElo "1689"]
[BlackElo "1926"]

1. e4 Nf6 2. e5 Nd5 3. d4 d6 4.
exd6 cxd6 5. Nf3 Bg4 6. Bc4 Nf6 7. c3 d5 8. Bb5+ Nc6 9. Qa4 Qb6 10. Ne5 Bd7 11. Nxd7 Nxd7 12. O-O a6 13.
Na3 e6 14. Bxc6 Qxc6 15. Qxc6 bxc6 16. Nc2 Bd6 17. b4 f6 18. Re1 Kf7 19. f4 Rhb8 20. g4 a5 21. f5 e5 22. dxe5 Nxe5 23.
Nd4 axb4 24. cxb4 Rxb4 25. Be3 Rxd4 26. Bxd4 Nf3+ 27. Kf2 Nxd4 28. Red1 Ra4 29. h3 Nb5 30. Rdc1 c5 31. Rc2 c4 32. Rb1 Bc5+ 33. Kg2 Nd4 34.
Rb7+ Kf8 35. Rcb2 Ra8 36. Rc7 c3 37. Rbb7 Rxa2+ 38. Kf1 Ra1+ 39. Kg2 Ra2+ 40. Kf1 Ra1+ 41. Kg2 Ra2+ 1/2-1/2

[Event "Goteborg Open 2024"]
[Site "Goteborgs Schackcentrum, Vegatan 20, Gothenburg, Sweden"]
[Date "2024.08.02"]
[Round "4.14"]
[White "Evertsson, David"]
[Black "Garby, Jacob"]
[Result "1-0"]
[TimeControl "15 minutes + 5 seconds per move from move one (Round 1 - 4) / 90 minutes + 30 seconds per move from move one (Round 5 - 8)"]
[WhiteFideId "1777424"]
[BlackFideId "1786520"]
[WhiteElo "1642"]
[BlackElo "1895"]

1. e4 c6 2. d4 d5 3. exd5 cxd5 4. c4 Nf6 5. Nc3 Bf5 6. Qb3 b6 7. cxd5 Ne4 8. Bb5+ Nd7 9. Bf4 g6 10.
Bc6 Rc8 11. Bb7 Ndf6 12. Bxc8 Qxc8 13. Nf3 Nxc3 14. bxc3 Qd7 15. c4 Bg7 16. Ne5 Qb7 17. Qb5+ Nd7 18. O-O O-O 19. Nc6 Nf6 20.
Rfe1 Re8 21. d6 exd6 22. Bxd6 Ne4 23. Be5 Bd7 24. d5 1-0

[Event "Goteborg Open 2024"]
[Site "Goteborgs Schackcentrum, Vegatan 20, Gothenburg, Sweden"]
[Date "2024.08.02"]
[Round "4.15"]
[White "Mohammed, Safian Haj"]
[Black "Olsson, Jonas"]
[Result "1-0"]
[TimeControl "15 minutes + 5 seconds per move from move one (Round 1 - 4) / 90 minutes + 30 seconds per move from move one (Round 5 - 8)"]
[WhiteFideId "1729276"]
[BlackFideId "1734415"]
[WhiteElo "1890"]
[BlackElo "1741"]

1. e4 e5 2. Nf3 Nc6 3. Bb5 a6 4. Ba4 Nf6 5.
d3 b5 6.
Bb3 d5 7. exd5 Nxd5 8. O-O Bg4 9.
h3 Bh5 10. Re1 Be7 11. a4 b4 12. g4 Bg6 13. Nxe5 Nxe5 14. Rxe5 c6 15. Qe2 Ra7 16. Be3 Nxe3 17. Qxe3 O-O 18.
Qxa7 Bd6 19. Re1 Qf6 20. Qe3 Bf4 21. Qe2 Qh4 22. Qf3 Bd6 23. Nd2 Kh8 24. Re2 f5 25. Nc4 Bb8 26. Ne5 Qg5 27.
Nxg6+ Qxg6 28. Rae1 h5 29. Re6 Qg5 30. Re8 Qf6 31. Rxf8+ Qxf8 32. Qxf5 Qd6 33. Re8+ 1-0

[Event "Goteborg Open 2024"]
[Site "Goteborgs Schackcentrum, Vegatan 20, Gothenburg, Sweden"]
[Date "2024.08.02"]
[Round "4.16"]
[White "Johansson, Eva"]
[Black "Murugaraja, Yogeshwer"]
[Result "1-0"]
[TimeControl "15 minutes + 5 seconds per move from move one (Round 1 - 4) / 90 minutes + 30 seconds per move from move one (Round 5 - 8)"]
[WhiteFideId "1724584"]
[BlackFideId "1779389"]
[WhiteElo "1878"]
[BlackElo "1628"]

1. d4 Nf6 2. c4 g6 3. Nf3 Bg7 4.
g3 O-O 5. Bg2 d6 6. O-O Nbd7 7. Nc3 e5 8.
Bg5 h6 9. Be3 Ng4 10. Bc1 Re8 11. e4 exd4 12. Nxd4 Ngf6 13. h3 Nc5 14. Re1 Ne6 15. Be3 Bd7 16. Rc1 Qc8 17. Kh2 Nc5 18.
Qc2 a6 19. b4 Ne6 20. Nxe6 Bxe6 21. Nd5 Qd8 22. Red1 Bxd5 23. cxd5 Rc8 24. Qc4 Qe7 25. f3 Nd7 26. Re1 Ne5 27.
Qe2 Rf8 28. f4 Nd7 29. Qd3 f5 30. Bd4 Qf7 31. exf5 Qxf5 32. Be4 Qf7 33. Bxg6 Qxd5 34. Bh7+ Kh8 35. Bxg7+ Kxg7 36. Qxd5 1-0

[Event "Goteborg Open 2024"]
[Site "Goteborgs Schackcentrum, Vegatan 20, Gothenburg, Sweden"]
[Date "2024.08.02"]
[Round "4.17"]
[White "Torres, Lucas"]
[Black "Israelsson, Lukas"]
[Result "0-1"]
[TimeControl "15 minutes + 5 seconds per move from move one (Round 1 - 4) / 90 minutes + 30 seconds per move from move one (Round 5 - 8)"]
[WhiteFideId "1769464"]
[BlackFideId "1784749"]
[WhiteElo "1861"]
[BlackElo "1615"]

1. e4 c6 2. Nc3 d5 3. Nf3 dxe4 4.
Nxe4 Nf6 5. Qe2 Nxe4 6. Qxe4 Qd5 7. d3 Bf5 8. Qxd5 cxd5 9. g3 Nd7 10. Bg2 Rc8 11. O-O e5 12. Re1 Bd6 13.
Bf4 f6 14. d4 O-O 15. dxe5 fxe5 16. Bxe5 Bxe5 17. Nxe5 Nb6 18. c3 Rfd8 19. Rad1 Rc5 20. Rd2 h6 21. Red1 Be6 22. f4 Ra5 23.
b4 Ra3 24. c4 d4 25. Rxd4 Rxd4 26. Rxd4 Rxa2 27. Rd8+ Kh7 28. Be4+ g6 29. Nxg6 Ra1+ 30. Kf2 Ra2+ 31. Ke1 Bxc4 32. Ne5+ Kg7 33. Nxc4 Nxc4 34. Rd7+ Kf6 35.
Rh7 Rxh2 36. g4 Nd6 37. Bd3 Ke6 38. g5 h5 0-1

[Event "Goteborg Open 2024"]
[Site "Goteborgs Schackcentrum, Vegatan 20, Gothenburg, Sweden"]
[Date "2024.08.02"]
[Round "4.18"]
[White "Lindholm, Marcus"]
[Black "Eklund, Rickard"]
[Result "1-0"]
[TimeControl "15 minutes + 5 seconds per move from move one (Round 1 - 4) / 90 minutes + 30 seconds per move from move one (Round 5 - 8)"]
[WhiteFideId "1743473"]
[BlackFideId "1789040"]
[WhiteElo "1851"]
[BlackElo "1595"]

1. d4 d5 2. c4 c6 3.
Nc3 e6 4. cxd5 exd5 5. Nf3 Nf6 6. Bg5 Be7 7. e3 O-O 8. Bd3 h6 9. Bh4 Bg4 10. h3 Bh5 11. Qc2 Nbd7 12. g4 Bg6 13.
Bxg6 fxg6 14. Qxg6 Qa5 15. g5 Ne4 16.
gxh6 Rf7 17. h7+ Kh8 18. Qxf7 Bxh4 19. Nxh4 Nxc3 20. O-O Nf6 21. Nf5 Ne2+ 22. Kh1 1-0

[Event "Goteborg Open 2024"]
[Site "Goteborgs Schackcentrum, Vegatan 20, Gothenburg, Sweden"]
[Date "2024.08.02"]
[Round "4.20"]
[White "Thern, Alfred"]
[Black "Shchetinin, Oleg"]
[Result "1-0"]
[TimeControl "15 minutes + 5 seconds per move from move one (Round 1 - 4) / 90 minutes + 30 seconds per move from move one (Round 5 - 8)"]
[WhiteFideId "1775227"]
[BlackFideId "1740210"]
[WhiteElo "1729"]
[BlackElo "1742"]

1. d4 d5 2. Bf4 Bf5 3. Nf3 e6 4. e3 c5 5. c3 Nc6 6. Qb3 Qb6 7. Nbd2 c4 8. Qxb6 axb6 9. Nh4 Nge7 10.
Nxf5 Nxf5 11. f3 Bd6 12. Bxd6 Nxd6 13. Kf2 b5 14. a3 O-O 15. Be2 Rfe8 16. Bd1 e5 17.
Bc2 exd4 18. exd4 g6 19. g4 Re7 20. Rhe1 Rae8 21. Rxe7 Rxe7 22. Nf1 Kg7 23. Ne3 Re6 24. Nxd5 Re8 25. a4 bxa4 26. Rxa4 Ne7 27. Nb6 f5 28. Nxc4 Nxc4 29. Rxc4 fxg4 30. Rc7 Kf6 31. Rxb7 gxf3 32.
Be4 Kg5 33. Bxf3 Kf4 34. d5 h5 35. d6 Nf5 36. d7 Rd8 37. c4 Nd6 38. Rc7 g5 39. c5 Ne4+ 40. Bxe4 Kxe4 41. c6 Rf8+ 42. Kg2 h4 43. Rc8 g4 44. Rxf8 1-0

[Event "Goteborg Open 2024"]
[Site "Goteborgs Schackcentrum, Vegatan 20, Gothenburg, Sweden"]
[Date "2024.08.02"]
[Round "4.21"]
[White "Dahlin, Emil"]
[Black "Saleh, Saqr"]
[Result "1-0"]
[TimeControl "15 minutes + 5 seconds per move from move one (Round 1 - 4) / 90 minutes + 30 seconds per move from move one (Round 5 - 8)"]
[WhiteFideId "1771035"]
[BlackFideId "1785877"]
[WhiteElo "1719"]
[BlackElo "1835"]

1. e4 e6 2. d4 d5 3. e5 c5 4. c3 Nc6 5. Nf3 Qb6 6. Bd3 cxd4 7. O-O Nge7 8. cxd4 Ng6 9. Re1 Bd7 10.
Bxg6 hxg6 11. Nc3 1-0